 Dungeon Crawl Stone Soup version 0.27.0-1-g7a089689b8 (webtiles) character file.

Game seed: 4541502443442108925

2541 ZARRMARR the Cleaver (level 9, -13/75 HPs)
             Began as a Hill Orc Fighter on July 31, 2021.
             Was an Initiate of Beogh.
             Mangled by an orc warrior (18 damage)
             ... on level 8 of the Dungeon.
             The game lasted 00:45:06 (8326 turns).

ZARRMARR the Cleaver (Hill Orc Fighter)             Turns: 8326, Time: 00:45:06

Health: -13/75     AC:  3    Str: 22    XL:     9   Next: 55%
Magic:  9/9        EV:  9    Int:  8    God:    Beogh [......]
Gold:   452        SH:  0    Dex: 10    Spells: 5/8 levels left

rFire    . . .     SeeInvis .   p - +1 broad axe (vorpal)
rCold    . . .     Faith    .   c - +0 kite shield
rNeg     + . .     Spirit   .   C - +0 leather armour {rN+}
rPois    .         Reflect  .   k - +0 hat
rElec    .         Harm     .   H - +1 cloak
rCorr    .         Rampage  .   j - +1 pair of gloves
Will     .....                  r - +2 pair of boots
Stlth    ..........             (no amulet)
HPRegen  0.22/turn              (no ring)
MPRegen  0.11/turn              (no ring)

@: confused, corroded
A: no striking features
a: Renounce Religion


You were on level 8 of the Dungeon.
You worshipped Beogh.
Beogh was noncommittal.
You visited 2 branches of the dungeon, and saw 9 of its levels.

You collected 452 gold pieces.

Inventory:

Hand Weapons
 d - a +2 vorpal halberd
 p - a +1 vorpal broad axe (weapon)
 G - a +3 quarterstaff of chaos
 I - a +4 whip
Missiles
 f - 264 stones
 q - 2 boomerangs (quivered)
 t - 24 poisoned darts
 D - 4 atropa-tipped darts
Armour
 b - a +0 scale mail
 c - a +0 kite shield (worn)
 j - a +1 pair of gloves (worn)
 k - a +0 hat (worn)
 r - a +2 pair of boots (worn)
 u - a +3 chain mail of fire resistance
 C - a +0 leather armour of positive energy (worn)
 H - a +1 cloak (worn)
Magical Staves
 m - a staff of air
Jewellery
 w - a ring of ice
Wands
 i - a wand of charming (8)
 o - a wand of acid (11)
 y - a wand of iceblast (5)
 B - a wand of polymorph (6)
Scrolls
 s - a scroll of enchant armour
 v - 3 scrolls of noise
 x - a scroll of magic mapping
 A - 5 scrolls of amnesia
 J - a scroll of teleportation
Potions
 a - 2 potions of lignification {unknown}
 e - 2 potions of ambrosia {unknown}
 g - 5 potions of flight {unknown}
 h - a potion of mutation {unknown}
 l - 5 potions of curing {unknown}
 n - 2 potions of haste {unknown}
 z - a potion of attraction {unknown}
 E - a potion of cancellation {unknown}
 F - a potion of degeneration {unknown}


   Skills:
 + Level 6.2 Fighting
 + Level 10.9 Axes
 + Level 3.8 Throwing
 * Level 7.0 Armour
 + Level 1.8 Dodging
 + Level 5.1 Shields
 + Level 0.4 Spellcasting
 + Level 0.3 Translocations


You had 5 spell levels left.
You knew the following spells:

 Your Spells              Type           Power      Damage    Failure   Level
a - Apportation           Tloc           0%         N/A       83%         1
b - Passwall              Tmut/Erth      0%         N/A       95%         2

Your spell library contained the following spells:

 Spells                   Type           Power      Damage    Failure   Level
 Summon Small Mammal      Summ           0%         N/A       86%         1
 Call Canine Familiar     Summ           0%         N/A       99%         3
 Summon Guardian Golem    Hex/Summ       0%         N/A       99%         3
 Swiftness                Air            0%         N/A       99%         3
 Alistair's Intoxication  Tmut/Pois      0%         N/A       100%        5
 Invisibility             Hex            0%         N/A       100%        6


Dungeon Overview and Level Annotations

Branches:
Dungeon (8/15)             Temple (1/1) D:4
   Lair: D:8-11

Altars:
Ashenzari
Cheibriados
Dithmenos
Elyvilon
Fedhas
Gozag
Hepliaklqana
Kikubaaqudgha
Makhleb
Nemelex Xobeh
Okawaru
Qazlal
Ru
Sif Muna
Trog
Uskayaw
Vehumet
Wu Jian
Xom
Yredelemnul
Zin

Annotations:
D:7 1 runed translucent door, ratboy's ghost, novice OpBr
D:8 Erica


Message History

Okay, then.
Unknown command.
Unknown command.
Throw: 4 boomerangs
Press: ? - help, Q - select action, (/) - cycle Shift-Dir - straight line You throw a boomerang.
An orc warrior comes into view. It is wielding a +0 scimitar.
An orc priest comes into view. It is wielding a +0 hand axe.
Throw: 3 boomerangs
Press: ? - help, Q - select action, (/) - cycle Shift-Dir - straight line, f - orc warrior
Aim: an orc warrior, wielding a +0 scimitar and wearing a +0 chain mail (wandering, hasn't noticed you, 57% to hit)
You throw a boomerang. The orc priest shouts!
You hear a zap.
A bolt of acid appears from out of thin air!
The bolt of acid hits you!! The acid corrodes you!
You are splashed with acid!
Throw: 3 boomerangs
Press: ? - help, Q - select action, (/) - cycle Shift-Dir - straight line, f/p - orc warrior
Aim: an orc warrior, wielding a +0 scimitar and wearing a +0 chain mail (57% to hit)
You throw a boomerang. The boomerang hits the orc warrior!
The orc warrior is moderately wounded.
The orc priest calls down the wrath of Beogh upon you.
Beogh smites you!
An orc wizard comes into view. It is wielding a +0 dagger.
You are confused.
You hear a zap.
A bolt of acid appears from out of thin air!
The bolt of acid hits you!!
* * * LOW HITPOINT WARNING * * *
The acid corrodes you!
You are splashed with acid!
* * * LOW HITPOINT WARNING * * *
You are too confused!
You bump into the rock wall.
The orc wizard casts a spell.
The orc wizard flickers and vanishes!
You hear a zap.
A bolt of acid appears from out of thin air!
The bolt of acid misses you.
The orc warrior hits you with a +0 scimitar!!
You die...

#........# #...≈ ..#
#........ ##.≈≈
...###....##.. #...
....#....# #.## #...
.........# #..# #...
.........# #..## #...
.........# #...# ##>..
......o..# #...####....
#.....@.# ##.....#.....
###...o.###.........#..
##......<.......####.
..#.......####..## #
.........### #..#
.#.......# #..#
###..>..# #..# ##....#
#..# #..).# ...#


You could see an orc warrior and an orc priest.

Vanquished Creatures
  Pikel (D:6)
  2 centaur zombies
  Duvessa (D:6)
  2 water moccasins
  2 ogres
  A necrophage (D:4)
  2 ice beasts (D:7)
  A kobold brigand (D:7)
  A scorpion (D:6)
  Dowan (D:6)
  3 killer bees
  3 howler monkeys (D:6)
  A bullfrog zombie (D:6)
  A hound (D:5)
  A jelly (D:6)
  Crazy Yiuf (D:3)
  Terence (D:3)
  An iguana (D:5)
  4 gnolls (D:3)
  A howler monkey skeleton (D:6)
  4 adders
  A river rat (D:6)
  A shadow imp (D:6)
  A white imp (D:7)
  An ufetubus (D:6)
  A worm (D:3)
  2 dart slugs
  4 orcs
  5 ball pythons
  4 bats
  3 endoplasms
  3 giant cockroaches
  4 goblins
  5 hobgoblins
  2 jackals (D:2)
  3 quokkas
  A frilled lizard (D:3)
  14 kobolds
  4 rats
94 creatures vanquished.

Vanquished Creatures (collateral kills)
  Sigmund (D:6)
  Eustachio (D:6)
  A scorpion (D:6)
  An adder (D:6)
4 creatures vanquished.

Vanquished Creatures (others)
  A fungus (D:3)
1 creature vanquished.

Grand Total: 99 creatures vanquished

Notes
Turn   | Place    | Note
-------+----------+-------------------------------------------
     0 | D:1      | ZARRMARR the Hill Orc Fighter began the quest for the Orb.
     0 | D:1      | Reached XP level 1. HP: 19/19 MP: 1/1
   244 | D:1      | Reached XP level 2. HP: 27/27 MP: 2/2
   563 | D:1      | Reached skill level 3 in Axes
   644 | D:1      | Learned a level 1 spell: Apportation
   931 | D:2      | Found a faded altar of an unknown god.
  1175 | D:2      | Reached XP level 3. HP: 33/33 MP: 3/3
  1911 | D:3      | Noticed Terence
  1920 | D:3      | Killed Terence
  1921 | D:3      | Reached XP level 4. HP: 38/40 MP: 4/4
  1972 | D:3      | Reached skill level 4 in Axes
  2119 | D:3      | Found a runed translucent door.
  2120 | D:3      | Noticed Crazy Yiuf
  2399 | D:3      | Reached skill level 1 in Throwing
  3043 | D:3      | Noticed an ogre
  3051 | D:3      | Killed an ogre
  3052 | D:3      | Reached skill level 5 in Axes
  3052 | D:3      | Reached XP level 5. HP: 14/47 MP: 5/5
  3719 | D:4      | Found a staircase to the Ecumenical Temple.
  3725 | Temple   | Entered the Ecumenical Temple
  3785 | Temple   | Became a worshipper of Ru the Awakened
  3978 | D:4      | Noticed a necrophage
  3986 | D:4      | Killed a necrophage
  3987 | D:4      | Reached XP level 6. HP: 44/53 MP: 6/6
  4857 | D:5      | Entered Level 5 of the Dungeon
  4858 | D:5      | Fell from the grace of Ru
  4858 | D:5      | Became a worshipper of Beogh the Brigand
  4866 | D:5      | Reached skill level 6 in Axes
  4881 | D:5      | Reached skill level 5 in Fighting
  4881 | D:5      | Reached XP level 7. HP: 61/61 MP: 7/7
  5074 | D:4      | Identified a scroll of acquirement
  5075 | D:4      | Acquired a +0 vorpal broad axe
  5726 | D:6      | Noticed Eustachio
  5739 | D:6      | Killed Eustachio
  5740 | D:6      | Reached skill level 7 in Axes
  5740 | D:6      | Reached skill level 5 in Armour
  5879 | D:6      | Noticed Sigmund
  5882 | D:6      | Killed Sigmund
  5998 | D:6      | Reached XP level 8. HP: 56/68 MP: 8/8
  6138 | D:6      | Reached skill level 8 in Axes
  6225 | D:6      | Noticed Duvessa
  6225 | D:6      | Noticed Dowan
  6232 | D:6      | Killed Dowan
  6245 | D:6      | Reached skill level 1 in Dodging
  6246 | D:6      | Killed Duvessa
  6247 | D:6      | HP: 3/69 [poisoned by a scorpion]
  6951 | D:6      | Reached skill level 9 in Axes
  7071 | D:6      | Noticed Pikel
  7080 | D:6      | Killed Pikel
  7081 | D:6      | Reached skill level 10 in Axes
  7081 | D:6      | Reached skill level 5 in Shields
  7081 | D:6      | Reached XP level 9. HP: 70/75 MP: 9/9
  7204 | D:7      | Found a runed translucent door.
  7287 | D:3      | Killed Crazy Yiuf
  7758 | D:7      | Reached * piety under Beogh
  7824 | D:7      | Learned a level 2 spell: Passwall
  8143 | D:7      | Noticed ratboy's ghost (novice OpBr)
  8143 | D:7      | Noticed a centaur warrior
  8319 | D:8      | Noticed Erica
  8326 | D:8      | Mangled by an orc warrior

Illustrated notes

Levels and vault maps discovered:
D:1:      minmay_arrival_solitary_statue, layout_loops_ring
D:2:      layout_loops_corners, ebering_ecumenical_altar_webs,
          chequers_serial_rivers_small_a
D:3:      layout_basic, uniq_crazy_yiuf_cottage, uniq_terence
D:4:      layout_cave_pods, minmay_temple_entry_statues_fountains,
          minmay_diced_spiral
D:5:      layout_basic
D:6:      layout_gridville, portal_sewer_entry_b, uniq_eustachio, uniq_duvessa,
          uniq_sigmund, uniq_pikel
D:7:      layout_basic, ebering_ghost_inner_flame, kennysheep_generic_room_8
D:8:      layout_layer_cave, serial_rivers, chequers_serial_rivers_large_a,
          chequers_serial_rivers_small_3, chequers_serial_rivers_small_a,
          chequers_serial_rivers_small_b, chequers_serial_rivers_micro_c,
          chequers_serial_rivers_marsh, biasface_ghost_orc_armoury, uniq_erica,
          uniq_harold
Temple:   kilobyte_greek_temple

Skill      XL: |  1  2  3  4  5  6  7  8  9 |
---------------+----------------------------+-----
Fighting       | 4 5 6 |  6.2
Axes           | 3 5 6 7 10 | 10.9
Armour         | 4 5 6 7 |  7.0
Throwing       | 1 2 3 |  3.8
Shields        | 4 5 |  5.1
Dodging        | 1 |  1.8
Spellcasting   | |  0.4
Translocations | |  0.3

Action                   |  1- 3 |  4- 6 |  7- 9 || total
-------------------------+-------+-------+-------++-------
Melee: War axe           |    78 |    75 |    23 ||   176
       Broad axe         |       |       |    70 ||    70
Throw: Stone             |    30 |    64 |       ||    94
       Boomerang         |       |     3 |    70 ||    73
Invok: Convert to Beogh  |       |     1 |       ||     1
  Use: Scroll            |     4 |       |    10 ||    14
       Potion            |       |     1 |       ||     1
Armor: Scale mail        |    43 |    36 |    62 ||   141
       Chain mail        |       |       |    15 ||    15
       Leather armour    |       |       |     9 ||     9
Dodge: Dodged            |    22 |    16 |    44 ||    82
Block: Kite shield       |    42 |    40 |    58 ||   140
